 Dungeon Crawl Stone Soup version 0.18.1-50-g88ac8fd (webtiles) character file.

22787 ololoev the Eclecticist (level 12, -2/64 HPs)
             Began as a Deep Elf Earth Elementalist on Dec 2, 2016.
             Was a High Priest of Vehumet.
             Slain by a hippogriff (4 damage)
             ... on level 4 of the Lair of Beasts.
             The game lasted 01:20:33 (6213 turns).

ololoev the Eclecticist (DEEE)                      Turns: 6213, Time: 01:20:33

Health: -2/64      AC:  5    Str:  1    XL:     12   Next: 66%
Magic:  15/49      EV: 14    Int: 30    God:    Vehumet [*****.]
Gold:   318        SH:  0    Dex: 10    Spells: 8 memorised, 21 levels left

rFire  + . .     SeeInvis .     a - staff of power
rCold  . . .     Gourm    .     A - +0 animal skin {rC+}
rNeg   + + +     Faith    +     (no shield)
rPois  .         Spirit   .     r - -2 helmet of Impatience {rCorr Str-4 Int+4 Slay+4}
rElec  +         Dismiss  .     x - +1 cloak
rCorr  +         Reflect  .     i - +1 pair of gloves
SustAt .         Harm     .     (no boots)
MR     +++..                    w - amulet of faith
Stlth  ++........               J - ring "Feze" {Fire rElec rN+++ MR++ Int-3 Dex-5}
                                I - +3 ring of intelligence

@: repel missiles, extremely resistant to hostile enchantments, unstealthy
A: no striking features
a: Renounce Religion

Inventory:

Hand Weapons
 n - the +5 spear "Decza" {venom, rPois rN+ Int+4}
   (You found it on level 4 of the Dungeon)

   It poisons the flesh of those it strikes.
   It affects your intelligence (+4).
   It protects you from poison.
   It protects you from negative energy.
Missiles
 b - 37 stones (quivered)
Armour
 i - a +1 pair of gloves (worn)
 o - a +1 helmet
 r - the -2 helmet of Impatience (worn) {rCorr Str-4 Int+4 Slay+4}
   (You found it on level 6 of the Dungeon)

   It affects your strength (-4).
   It affects your intelligence (+4).
   It affects your accuracy and damage with ranged weapons and melee attacks
   (+4).
   It protects you from acid and corrosion.
 x - a +1 cloak (worn)
 A - a +0 animal skin of cold resistance (worn)
 G - a +2 robe of the Archmagi
Magical Staves
 a - an uncursed staff of power (weapon)
Jewellery
 w - an amulet of faith (around neck)
 H - an uncursed amulet of magic regeneration {unknown}
 I - a +3 ring of intelligence (left hand)
 J - the ring "Feze" (right hand) {Fire rElec rN+++ MR++ Int-3 Dex-5}
   (You found it in a labyrinth)

   [ring of fire]

   It enhances your fire magic, and weakens your ice magic.
   It affects your intelligence (-3).
   It affects your dexterity (-5).
   It protects you from fire.
   It makes you vulnerable to cold.
   It insulates you from electricity.
   It renders you almost immune to negative energy.
   It affects your resistance to hostile enchantments.
Wands
 e - a wand of confusion (29/48)
 B - a wand of paralysis (3/24)
Scrolls
 k - 3 scrolls of enchant armour
 l - a scroll of vulnerability {unknown}
 p - a scroll of blinking {unknown}
 s - a scroll of fog
 t - 2 scrolls of remove curse
 y - 2 scrolls of brand weapon {unknown}
Potions
 f - a potion of degeneration {unknown}
 m - 2 potions of curing
 q - a potion of ambrosia {unknown}
 v - a potion of lignification
 z - a potion of magic
 C - a potion of cancellation
Books
 c - a book of Geomancy

   Spells                             Type                      Level
   a - Sandblast                      Earth                        1
   b - Passwall                       Transmutation/Earth          2
   c - Stone Arrow                    Conjuration/Earth            3
   d - Petrify                        Transmutation/Earth          4
   e - Lee's Rapid Deconstruction     Earth                        5
 D - a book of Annihilations

   Spells                             Type                      Level
   a - Poison Arrow                   Conjuration/Poison           6
   b - Chain Lightning                Conjuration/Air              8
   c - Lehudib's Crystal Spear        Conjuration/Earth            8
   d - Glaciate                       Conjuration/Ice              9
   e - Fire Storm                     Conjuration/Fire             9
 K - a book of Enchantments

   Spells                             Type                      Level
   a - Cause Fear                     Hexes                        4
   b - Yara's Violent Unravelling     Hexes/Transmutation          5
   c - Silence                        Hexes/Air                    5
   d - Deflect Missiles               Charms/Air                   6
   e - Haste                          Charms                       6
   f - Discord                        Hexes                        8
Miscellaneous
 F - a sack of spiders {used: 2}
Comestibles
 d - 4 bread rations
 g - 9 fruits
 u - 4 meat rations
 E - 6 chunks of flesh


   Skills:
 + Level 2.7 Fighting
 - Level 6.7 Dodging
 - Level 2.4 Stealth
 * Level 16.9 Spellcasting
 + Level 11.8 Conjurations
 - Level 1.1 Transmutations
 * Level 9.9 Fire Magic
 - Level 6.8 Earth Magic


You had 21 spell levels left.
You knew the following spells:

 Your Spells              Type           Power        Failure   Level  Hunger
a - Sandblast             Erth           ######       1%          1    None
b - Stone Arrow           Conj/Erth      ######       1%          3    None
c - Lee's Rapid Deconstr  Erth           ######....   1%          5    None
d - Petrify               Trmt/Erth      #####...     3%          4    None
f - Mephitic Cloud        Conj/Pois/Air  #####...     1%          3    None
g - Conjure Flame         Conj/Fire      #######.     1%          3    None
r - Repel Missiles        Chrm/Air       ####..       2%          2    None
w - Passwall              Trmt/Erth      #####.....   1%          2    None


You were on level 4 of the Lair of Beasts.
You worshipped Vehumet.
Vehumet was extremely pleased with you.
You were not hungry.

You visited 4 branches of the dungeon, and saw 20 of its levels.
You also visited: Labyrinth, Ice Cave and Volcano.

You collected 741 gold pieces.
You spent 423 gold pieces at shops.

##.### #..[P#
....# ##....
###..## ##...#
#####.#.#.###..
#...#.
#..............
##...<
#........#####.
#...#
####..#P#.##
#.<##
##.....###H##
##.†##
#......##.@.#
#P...#
#..##...###..#
#....# #..######
.## #....#
####..# .P
##.... #≈≈≈..##
..# #.#..
##≈≈...# .##
#.... #≈≈..##
#.#. #..##
##§§.# ###...##
## ##.## ##§.#
##.#.#...###.###
#..#

Notes
Turn   | Place    | Note
--------------------------------------------------------------
     0 | D:1      | ololoev the Deep Elf Earth Elementalist began the quest for the Orb.
     0 | D:1      | Reached XP level 1. HP: 10/10 MP: 6/6
     3 | D:1      | Noticed a merfolk zombie
     6 | D:1      | Noticed a minotaur zombie
    14 | D:1      | Noticed a merfolk zombie
   122 | D:2      | Found a basalt altar of Yredelemnul.
   124 | D:2      | Noticed a profane servitor
   211 | D:3      | Noticed an orc wizard
   215 | D:3      | Reached XP level 2. HP: 15/15 MP: 5/8
   218 | D:3      | Reached skill level 4 in Spellcasting
   218 | D:3      | Reached XP level 3. HP: 19/19 MP: 2/10
   232 | D:3      | Found an oddly glowing altar of Pakellas.
   589 | D:4      | Noticed Eustachio
   593 | D:4      | Noticed an ogre
   621 | D:3      | Learned a level 2 spell: Passwall
   625 | D:3      | Learned a level 3 spell: Stone Arrow
   659 | D:4      | Found a staircase to the Ecumenical Temple.
   668 | Temple   | Entered the Ecumenical Temple
   675 | Temple   | Became a worshipper of Vehumet
   704 | D:4      | Reached skill level 5 in Spellcasting
   704 | D:4      | Reached skill level 1 in Conjurations
   704 | D:4      | Reached XP level 4. HP: 18/24 MP: 3/13
   736 | D:4      | Found Issig's Gadget Emporium.
   767 | D:4      | Bought a plain deck of summoning for 168 gold pieces
   863 | D:4      | Killed Eustachio
   863 | D:4      | Reached skill level 6 in Spellcasting
   863 | D:4      | Reached XP level 5. HP: 28/28 MP: 8/15
   870 | D:4      | Killed an ogre
   870 | D:4      | Reached XP level 6. HP: 32/32 MP: 4/17
   887 | D:4      | Learned a level 5 spell: Lee's Rapid Deconstruction
   892 | D:4      | Learned a level 4 spell: Petrify
   921 | D:4      | Reached skill level 5 in Earth Magic
   942 | D:5      | Entered Level 5 of the Dungeon
   975 | D:5      | Sapher: топ по очкам хочешь взять?
   978 | D:5      | ololoev: лол
   978 | D:5      | ololoev: с моими навыками я в 20к не уложусь
   978 | D:5      | ololoev: хочу уложиться хотя-бы в 40к
   986 | D:5      | Sapher: не, ну 40к это просто не юзать никогда автопоиск
   996 | D:5      | ololoev: не скажи
   996 | D:5      | ololoev: я пробовал, не вышло
  1054 | D:5      | Sapher: ну ок...вот ща регень всю ману...и всегда регень до фул маны...и уложишься
  1072 | D:5      | Reached skill level 7 in Spellcasting
  1096 | D:5      | Sapher: особо рисковать нет нужды для цели в 40к...с первой попытки думаю реально
  1107 | D:5      | Noticed an insubstantial wisp
  1131 | D:5      | Reached * piety under Vehumet
  1131 | D:5      | Offered knowledge of Magic Dart by Vehumet.
  1167 | D:4      | Got a faintly glowing spear
  1168 | D:4      | Identified the +5 spear "Decza" {venom, rPois rN+ Int+4} (You found it on level 4 of the Dungeon)
  1220 | D:5      | Reached XP level 7. HP: 30/36 MP: 3/20
  1379 | D:6      | Got a slimy helmet
  1421 | D:7      | Reached skill level 8 in Spellcasting
  1434 | D:7      | Identified the cursed -2 helmet of Impatience {rCorr Str-4 Int+4 Slay+4} (You found it on level 6 of the Dungeon)
  1448 | D:7      | ololoev: ладно, пока все равно силу никто не может сдрейнить
  1507 | D:7      | Sapher: ну пока может и прокатит такой шлем, да
  1527 | D:7      | Reached skill level 9 in Spellcasting
  1604 | D:7      | Reached XP level 8. HP: 18/41 MP: 1/23
  1655 | D:7      | Sapher: а вообще такой стиль игры на грани ежесекундной смерти это скорее похоже на топовую цель,а не 40к...
  1696 | D:7      | ololoev: если я буду играть так чтобы не умирать то я скорее всего уложусь в 50к
  1696 | D:7      | ololoev: а это уже не так круто
  1696 | D:7      | ololoev: хотя может я преувеличиваю
  1722 | D:7      | Noticed Crazy Yiuf
  1723 | D:7      | Sapher: 30к ходов это все еще просто не юзать автопоиск и отдыхать маша свитками
  1723 | D:7      | Killed Crazy Yiuf
  1734 | D:7      | Sapher: даже такой кол-во ходов не требует ни удачи, ни хороших вещей
  1926 | D:8      | ololoev: черт
  1926 | D:8      | ololoev: я совсем забыл
  1926 | D:8      | ololoev: что они тут сидят
  1926 | D:8      | ololoev: надо эксклуды ставить
  1927 | D:8      | Offered knowledge of Searing Ray by Vehumet.
  1931 | D:8      | Reached ** piety under Vehumet
  1931 | D:8      | Reached skill level 10 in Spellcasting
  1931 | D:8      | Reached skill level 5 in Conjurations
  2184 | D:8      | Learned a level 2 spell: Repel Missiles
  2188 | D:8      | Learned a level 3 spell: Mephitic Cloud
  2192 | D:8      | Learned a level 3 spell: Conjure Flame
  2228 | D:9      | Reached skill level 11 in Spellcasting
  2228 | D:9      | Reached XP level 9. HP: 45/45 MP: 15/26
  2264 | D:9      | Reached skill level 12 in Spellcasting
  2316 | D:9      | Noticed a freezing wraith
  2319 | D:9      | Sapher: амуль регена МП на столько крут, что я бы все таки проверил свитком че там
  2320 | D:9      | ololoev: он крут да
  2320 | D:9      | ololoev: я боюсь сейчас нойз прочесть
  2320 | D:9      | ololoev: сейчас тут полутаю место и на лестнице чекну
  2342 | D:9      | Offered knowledge of Throw Flame by Vehumet.
  2430 | D:9      | HP: 2/45 [orc warrior/glaive (15)]
  2445 | D:8      | Gained mutation: Your magical capacity is low (-10% MP). [potion of mutation]
  2445 | D:8      | Gained mutation: You have a pair of small horns on your head. [potion of mutation]
  2445 | D:8      | Gained mutation: Your body sometimes deteriorates upon taking damage. [potion of mutation]
  2446 | D:8      | Lost mutation: Your body sometimes deteriorates upon taking damage. [potion of cure mutation]
  2446 | D:8      | Lost mutation: You have a pair of small horns on your head. [potion of cure mutation]
  2446 | D:8      | Lost mutation: Your magical capacity is low (-10% MP). [potion of cure mutation]
  2543 | D:9      | Sapher: шкурка тролля неплохо бы зашла
  2544 | D:9      | ololoev: да, я обычно ради регена ее просто в инвентаре таскаю чтобы переодеваться
  2559 | D:9      | Found Fipnisyl's Distillery.
  2564 | D:9      | Sapher: это раньше работало, ща же надо фулл хп для включения регена
  2565 | D:9      | Reached skill level 13 in Spellcasting
  2568 | D:9      | ololoev: для тролля не надо же
  2573 | D:9      | Bought a potion of curing for 45 gold pieces
  2573 | D:9      | Bought a potion of lignification for 45 gold pieces
  2573 | D:9      | Bought a potion of magic for 120 gold pieces
  2573 | D:9      | Sapher: надо будет проверить..
  2617 | D:9      | Killed a freezing wraith
  2617 | D:9      | Reached XP level 10. HP: 30/50 MP: 15/29
  2622 | D:9      | Reached *** piety under Vehumet
  2722 | D:9      | Found a staircase to the Orcish Mines.
  2735 | Orc:1    | Entered Level 1 of the Orcish Mines
  2744 | Orc:1    | Sapher: рано
  2762 | Orc:2    | Entered Level 2 of the Orcish Mines
  2762 | Orc:2    | Found a roughly hewn altar of Beogh.
  2767 | Orc:2    | Sapher: я бы валил отсюда
  2784 | Orc:1    | Sapher: порталов нет, зато есть много боли
  2784 | Orc:1    | ololoev: да, плохой заход
  2800 | D:9      | Bought a potion of flight for 45 gold pieces
  2814 | D:10     | Entered Level 10 of the Dungeon
  2877 | D:11     | Noticed a hill giant
  2886 | D:11     | Killed a hill giant
  2908 | D:11     | Sapher: этот портал надо чекнуть...
  2917 | D:11     | Reached skill level 10 in Conjurations
  2922 | D:11     | Offered knowledge of Fulminant Prism by Vehumet.
  2924 | D:11     | ololoev: так
  2924 | D:11     | ololoev: призма
  2924 | D:11     | ololoev: с одной стороны тупой спелл
  2924 | D:11     | Sapher: батлсфера крута
  2924 | D:11     | ololoev: но с другой стороны это пока единственный вариант файербола
  2930 | D:11     | Noticed a green ugly thing
  2936 | D:11     | Found a frozen archway.
  3004 | D:11     | ololoev: дека саммонинга порой бывает ппц ОП
  3005 | IceCv    | Entered an ice cave
  3018 | IceCv    | Reached skill level 1 in Fire Magic
  3023 | IceCv    | Reached **** piety under Vehumet
  3025 | IceCv    | Sapher: ну в принципе можно и тут покачаться...
  3035 | IceCv    | Sapher: или вообще нет rc?
  3040 | IceCv    | ololoev: кС+
  3114 | IceCv    | Sapher: да больше регенил бы мп))
  3115 | IceCv    | Reached skill level 14 in Spellcasting
  3230 | IceCv    | Noticed an ice statue
  3234 | IceCv    | Killed an ice statue
  3294 | IceCv    | ololoev: павер
  3294 | IceCv    | Sapher: это круче копья
  3294 | IceCv    | ololoev: там ге не нужен рПОйз однозначно круче
  3319 | IceCv    | Sapher: мефетик?
  3321 | IceCv    | Offered knowledge of Throw Icicle by Vehumet.
  3696 | IceCv    | Reached XP level 11. HP: 45/54 MP: 31/31
  3714 | IceCv    | Reached skill level 5 in Fire Magic
  3754 | IceCv    | ololoev: так, что бы сделать с гигантом
  3754 | IceCv    | ololoev: по идее должен мефитик прокнуть
  3754 | IceCv    | ololoev: @??frost giant
  3754 | IceCv    | beem: frost giant (C)
                  | Spd:
    10 | HD: 16   | HP: 85-123
                  | AC/EV: 9/3
                  | Dam: 35
                  | weapons, items, doors, fighter, spellcaster, see invisible
                  | Res: magic(80), cold++, drown
                  | XP: 1747
                  | Sp: b.cold (3d25)
                  | Sz: Giant
                  | Int: human.
  3754 | IceCv    | Sapher: хмм
  3754 | IceCv    | ololoev: хд 16
  3754 | IceCv    | ololoev: хрен прокнет
  3754 | IceCv    | ololoev: возможно один из тех свитков - иммо
  3769 | IceCv    | Noticed a death yak
  3778 | IceCv    | Reached skill level 5 in Dodging
  3804 | IceCv    | Sapher: а дракониан типа не может тут оказаться?
  3805 | IceCv    | ololoev: может
  3805 | IceCv    | ololoev: @??draconian
  3805 | IceCv    | beem: draconian (d)
                  | Spd:
    10 | HD: 8    | HP: 53-74
                  | AC/EV: 10/11
                  | Dam: 15
                  | weapons, items, doors, cold-blooded
                  | Res: magic(10)
                  | XP:
   524 | Sz: Medium | Int: human.
  3819 | IceCv    | Killed a death yak
  3819 | IceCv    | Reached skill level 15 in Spellcasting
  3958 | IceCv    | Sapher: а вот хз чем выгоднее махать
  3974 | IceCv    | Sapher: при большем пуле МП реген выше
  3974 | IceCv    | Sapher: так что не факт, что махание посохом хуже
  3974 | IceCv    | ololoev: вообще говоря омжно посчитать
  3974 | IceCv    | ololoev: я сам все в сомнениях
  4080 | IceCv    | Noticed a death yak
  4088 | IceCv    | Killed a death yak
  4196 | IceCv    | ololoev: походу сейчас начнется
  4196 | IceCv    | Sapher: ага)
  4196 | IceCv    | Sapher: может вообще проще было грабануть
  4196 | IceCv    | Sapher: и не драться
  4197 | IceCv    | Noticed a death yak
  4203 | IceCv    | Noticed a frost giant
  4232 | IceCv    | Killed a death yak
  4369 | IceCv    | ololoev: такс
  4369 | IceCv    | ololoev: с рС+ меня гигант все равно замочит
  4369 | IceCv    | ololoev: надо его выманить
  4369 | IceCv    | ololoev: и облутать
  4402 | IceCv    | Sapher: там облететь вроде можно было
  4406 | IceCv    | ololoev: так я облечу, а там гигант
  4406 | IceCv    | ololoev: сначала выманить
  4429 | IceCv    | ololoev: чертовы облака
  4594 | D:11     | Noticed a hill giant
  4605 | D:11     | Killed a hill giant
  4605 | D:11     | Reached ***** piety under Vehumet
  4646 | D:10     | Offered knowledge of Iskenderun's Mystic Blast by Vehumet.
  4854 | D:10     | ololoev: такс такс что тут у нас
  4854 | D:10     | Sapher: да хрень тут есть
  4854 | D:10     | ololoev: амулет эира
  4854 | D:10     | Sapher: бесполезен
  4854 | D:10     | ololoev: нуфен файербол срочно
  4861 | D:10     | Sapher: даже с файрболом оно хрень
  4861 | D:10     | ololoev: почему?
  4861 | D:10     | Sapher: амуль регена хп/мп круче
  4874 | D:10     | Found a staircase to the Lair.
  4880 | D:10     | Sapher: никто тебя электричеством бить не будет
  4888 | D:10     | Sapher: оно раньше от файрбола умрет
  4888 | D:10     | ololoev: пчелы в пауке
  4888 | D:10     | ololoev: ев+5
  4902 | D:10     | Sapher: а реген экономит ходы
  4920 | Lair:1   | Entered Level 1 of the Lair of Beasts
  4944 | Lair:1   | Sapher: короче амуль мусор...ну разве что от теслы спасаться
  4944 | Lair:1   | ololoev: регена то нет
  4985 | Lair:1   | Noticed an eight-headed hydra
  4986 | Lair:1   | Sapher: короче резист на крайний случай
  4992 | Lair:1   | Killed an eight-headed hydra
  4997 | Lair:1   | Reached skill level 16 in Spellcasting
  4997 | Lair:1   | Reached XP level 12. HP: 59/59 MP: 24/34
  5007 | Lair:1   | Sapher: реген будет
  5016 | Lair:1   | Sapher: это неизбежно))
  5082 | Lair:1   | Sapher: свикок тп уже опознан?
  5082 | Lair:1   | ololoev: ОПАНА!
  5082 | Lair:1   | ololoev: да, но нет свитков больше
  5082 | Lair:1   | ololoev: был 1
  5082 | Lair:1   | ololoev: а не
  5082 | Lair:1   | ololoev: это было в прошлой игре
  5082 | Lair:1   | ololoev: так
  5082 | Lair:1   | ololoev: ну все
  5082 | Lair:1   | ololoev: теперь надо аккуратно вкачать файершторм
  5082 | Lair:1   | ololoev: и игра пройдена
  5103 | Lair:2   | Sapher: еще важно найти реген+сублимейшн
  5103 | Lair:2   | ololoev: или палку-эвокалку
  5103 | Lair:2   | ololoev: саблимейшн сейчас в какой книге хоть?
  5103 | Lair:2   | ololoev: дес
  5103 | Lair:2   | Sapher: но в принципе для цели 30к ходов пофик на самом деле
  5103 | Lair:2   | Sapher: можно и без этого
  5103 | Lair:2   | Iwannabefree: yo
  5103 | Lair:2   | Iwannabefree: nice str
  5103 | Lair:2   | ololoev: yep
  5103 | Lair:2   | ololoev: hi IWBF
  5106 | Lair:2   | Noticed a seven-headed hydra
  5118 | Lair:2   | Killed a seven-headed hydra
  5148 | Lair:2   | Reached skill level 1 in Fighting
  5233 | Lair:2   | Found a labyrinth entrance.
  5242 | Lab      | Entered a labyrinth
  5551 | Lab      | Noticed a minotaur
  5556 | Lab      | Killed a minotaur
  5561 | Lab      | Sapher: неплохо
  5561 | Lab      | Got a bloodstained blowgun
  5561 | Lab      | Got a transparent battleaxe
  5561 | Lab      | Got a steaming bone ring
  5564 | Lab      | Identified the +4 blowgun of Udwerr {evade, rPois rC- Str+5} (You found it in a labyrinth)
  5565 | Lab      | Identified the cursed +1 battleaxe "Fidiset" {freeze, MP+9} (You found it in a labyrinth)
  5567 | Lab      | Identified the ring "Feze" {Fire rElec rN+++ MR++ Int-3 Dex-5} (You found it in a labyrinth)
  5568 | Lab      | ololoev: ну в качестве источника MR++ норм
  5568 | Lab      | Sapher: еще rN+++ под крипт
  5578 | Lair:2   | Noticed a five-headed hydra
  5588 | Lair:2   | Killed a five-headed hydra
  5648 | Lair:2   | Noticed Prince Ribbit
  5665 | Lair:2   | Killed Prince Ribbit
  5798 | Lair:4   | ololoev: ФШ ТРОНУЛСЯ!
  5817 | Lair:4   | Noticed a six-headed hydra
  5823 | Lair:4   | Killed a six-headed hydra
  5939 | Lair:3   | Iwannabefree: а книги могут быть только в одном экземпляре, или например я могу найти два некрономикона?
  5939 | Lair:3   | ololoev: можешь
  5957 | Lair:4   | Iwannabefree: я на высоком эльфере делал глац в свампах
  5972 | Lair:4   | Iwannabefree: охуенно было
  6024 | Lair:4   | Found a dark tunnel.
  6052 | Volcano  | Entered a volcano
  6117 | Volcano  | Found a radiant altar of Vehumet.
  6122 | Volcano  | HP: 3/64 [hell knight/broad axe of flaming (18)]
  6129 | Volcano  | Sapher: ^_^
  6136 | Lair:4   | ololoev: ололололо
  6213 | Lair:4   | HP: 2/64 [hippogriff (6)]
  6213 | Lair:4   | Slain by a hippogriff

Dungeon Overview and Level Annotations

Branches:
Dungeon (12/15)            Temple (1/1) D:4            Lair (5/8) D:10
    Orc (2/2) D:9
  Swamp: Lair:3-6    Shoals: Lair:3-6     Snake: Lair:3-6    Spider: Lair:3-6
    Elf: Orc:2

Altars:
Ashenzari
Cheibriados
Fedhas
Kikubaaqudgha
Makhleb
Okawaru
Pakellas
Ru
Vehumet
Xom
Yredelemnul
Beogh

Shops:
D:4 }   D:9 !


Message History

You kill the yak!
Vehumet accepts your kill.
You feel your power returning.
Unknown command.
Unknown command.
Casting: Lee's Rapid Deconstruction
Confirm with . or Enter, or press ? or * to list all spells.
Aiming: Stone Arrow
Press: ? - help, Shift-Dir - straight line, f - yak
Aim: a yak (severely wounded, confused)
The stone arrow hits the yak.
You kill the yak!
Vehumet accepts your kill.
You feel your power returning.
Casting: Stone Arrow
Confirm with . or Enter, or press ? or * to list all spells.
Aiming: Stone Arrow
Press: ? - help, Shift-Dir - straight line, f/p - yak
Aim: a yak (severely wounded, confused)
The stone arrow hits the yak.
You kill the yak!
Vehumet accepts your kill.
You feel your power returning. The yak gores you.
A water moccasin and a hippogriff come into view.
Casting: Stone Arrow
Confirm with . or Enter, or press ? or * to list all spells.
Aiming: Stone Arrow
Press: ? - help, Shift-Dir - straight line, f - yak
Aim: a yak (almost dead, confused)
The stone arrow hits the yak.
You kill the yak!
Vehumet accepts your kill.
You feel your power returning.
Casting: Stone Arrow
Confirm with . or Enter, or press ? or * to list all spells.
Aiming: Lee's Rapid Deconstruction
Press: ? - help, Dir - move target cursor The wall shatters!
The blast of rock fragments hits the water moccasin.
The water moccasin is almost dead.
You hear a croak.
You hear a bellow! x2
The water moccasin barely misses you.
Casting: Lee's Rapid Deconstruction
Confirm with . or Enter, or press ? or * to list all spells.
Aiming: Stone Arrow
Press: ? - help, Shift-Dir - straight line, f - water moccasin
Aim: a water moccasin (almost dead)
The stone arrow misses the water moccasin.
The water moccasin bites you.
A giant frog comes into view.
Casting: Stone Arrow
Confirm with . or Enter, or press ? or * to list all spells.
Aiming: Stone Arrow
Press: ? - help, Shift-Dir - straight line, f/p - water moccasin
Aim: a water moccasin (almost dead)
The stone arrow misses the water moccasin.
The water moccasin barely misses you.
The water moccasin bites you but does no damage.
Casting: Stone Arrow
Confirm with . or Enter, or press ? or * to list all spells.
Aiming: Stone Arrow
Press: ? - help, Shift-Dir - straight line, f/p - water moccasin
Aim: a water moccasin (almost dead)
The stone arrow hits the water moccasin.
You kill the water moccasin!
Vehumet accepts your kill.
You feel your power returning. The hippogriff bites you!
The hippogriff pecks you. The hippogriff barely misses you.
You climb upwards.
There is a stone staircase leading down here.
Casting: Stone Arrow
Confirm with . or Enter, or press ? or * to list all spells.
Aiming: Stone Arrow
Press: ? - help, Shift-Dir - straight line, f - hippogriff
Aim: a hippogriff The stone arrow hits the hippogriff.
The hippogriff is severely wounded.
The hippogriff bites you. The hippogriff pecks you. The hippogriff claws you.
You die...

You could see a hippogriff.

Vanquished Creatures
  A minotaur (Lab)
  4 hydras
  3 death yaks (IceCv)
  2 hill giants (D:11)
  An ice statue (IceCv)
  2 black mambas
  2 spiny frogs
  A freezing wraith (D:9)
  3 komodo dragons
  13 polar bears (IceCv)
  3 blink frogs (Lair:2)
  Prince Ribbit (Lair:2)
  29 yaks
  Eustachio (D:4)
  2 basilisks (Lair:2)
  A hungry ghost (D:9)
  A steam dragon (D:11)
  A vampire mosquito (D:9)
  4 water moccasins
  A hell hound (Volcano)
  3 orc warriors
  A phantom (D:7)
  3 sky beasts
  2 eyes of draining
  7 ogres
  3 centaurs
  13 wolves (IceCv)
  4 crocodiles
  3 giant frogs
  4 scorpions
  A killer bee (D:9)
  2 jellies (D:9)
  2 howler monkeys
  8 crimson imps
  2 wasp zombies
  A centaur skeleton (D:7)
  Crazy Yiuf (D:7)
  5 orc priests
  A hound (D:9)
  A giant frog skeleton (D:9)
  5 iguanas
  8 orc wizards
  4 worker ants
  A killer bee zombie (D:11)
  5 sheep (Lair:1)
  2 hound skeletons (D:6)
  4 gnolls (D:7)
  A river rat (D:10)
  5 adders
  3 shadow imps
  A white imp (D:11)
  2 worms
  A dart slug (D:4)
  A giant gecko (D:4)
  21 orcs
  A ball python (D:1)
  A giant cockroach (D:4)
  3 hobgoblins
  4 jackals (D:4)
  A quokka (D:7)
  9 bats
  A giant newt (D:3)
  2 goblins
  A jackal skeleton (D:5)
  2 kobolds
  A quokka skeleton (D:4)
  7 rats
240 creatures vanquished.

Vanquished Creatures (collateral kills)
  An orc wizard (D:5)
  11 white imps (D:11)
12 creatures vanquished.

Vanquished Creatures (others)
  2 polar bears (IceCv)
  6 wolves (IceCv)
  3 fungi (D:10)
11 creatures vanquished.

Grand Total: 263 creatures vanquished

Action                   |  1- 3 |  4- 6 |  7- 9 | 10-12 || total
-------------------------+-------+-------+-------+-------++-------
Melee: Rapier            |       |    14 |       |       ||    14
       Spear             |       |     8 |    42 |    31 ||    81
       Staff             |       |       |       |     6 ||     6
 Cast: Sandblast         |    44 |    20 |    47 |    58 ||   169
       Stone Arrow       |       |    15 |    56 |   163 ||   234
       Passwall          |       |     2 |     1 |    14 ||    17
       Lee's Rapid Decon |       |       |     4 |    47 ||    51
       Conjure Flame     |       |       |     3 |    11 ||    14
       Mephitic Cloud    |       |       |       |     5 ||     5
       Repel Missiles    |       |       |       |     3 ||     3
       Petrify           |       |       |       |    13 ||    13
Evoke: Deck              |       |     2 |       |     2 ||     4
       Sack of spiders   |       |       |       |     2 ||     2
  Use: Scroll            |       |     1 |     8 |     5 ||    14
       Potion            |       |       |     3 |     5 ||     8
 Stab: Confused          |       |       |       |     4 ||     4
  Eat: Chunk             |       |     1 |     5 |    15 ||    21
Armor: Robe              |    15 |       |       |       ||    15
       Leather armour    |       |    14 |     9 |    25 ||    48
       Animal skin       |       |       |       |     5 ||     5
Dodge: Dodged            |    26 |    20 |    20 |    76 ||   142
       Deflected         |       |       |       |     4 ||     4

Vault maps used:
D:1:      shiori_arrival_whats_in_store_for_you, serial_park_tiny_1
D:2:      forest_paths, grunt_temple_overflow_holy_war, first_bread, hex_medium,
          minivault_23, minmay_misc_feat_tower, hangedman_decor_peaks_small,
          uniq_terence
D:3:      grunt_pakellas_sulfur
D:4:      minmay_temple_entry_trees, serial_shops, nicolae_shop_crystal,
          uniq_eustachio
D:5:      abandoned_shop
D:7:      uniq_joseph, uniq_crazy_yiuf_cottage
D:9:      minmay_ornate_pinched, minmay_overflow_temple_star_hex, orc_0_dummy,
          serial_shops, kennysheep_little_box
D:10:     grunt_lair_entry_orc_guard_hut, blue_anna_alchemist
D:11:     portal_ice_cave_entry_imps, minmay_holes
D:12:     uniq_psyche
Temple:   circular_temple_13
Lair:1:   basic_altar, uniq_harold, uniq_grum, uniq_urug
Lair:2:   lab_entry_generic, lemuel_fruit_fields, uniq_fannar,
          uniq_prince_ribbit2
Lair:3:   dummy_spider_entry, small_statue_intersection,
          infiniplex_staircase_pool_2
Lair:4:   nicolae_volcano_entry_hallway
Lair:5:   grunt_megastairs_5
Orc:1:    nooodl_orcs_dogs
Orc:2:    st_orc_town, basic_altar, serial_shops, shop, uniq_saint_roka,
          uniq_azrael
Lab:      nicolae_lab_statue, labyrinth_skeletal_remains
IceCv:    ice_cave_caverns_02
Volcano:  volcano_lake
